 Seeded DCSS version 0.30-a0-23-ge60ba3568b (webtiles) character file.

Game seed: 20220825 (custom seed)

53 purpskrrrp the Covered (level 3, -6/23 HPs)
             Began as a Gargoyle Fighter on Aug 25, 2022.
             Mangled by a gnoll
             ... wielding a +0 halberd
              (9 damage)
             ... on level 2 of the Dungeon.
             The game lasted 00:02:14 (1121 turns).

purpskrrrp the Covered (Gargoyle Fighter)           Turns: 1121, Time: 00:02:15

Health: -6/23      AC: 11    Str: 21    XL:     3   Next: 89%
Magic:  3/3        EV:  9    Int:  8    God:
Gold:   48         SH:  4    Dex:  9    Spells: 2/2 levels left

rFire   . . .      SeeInvis .    a - +0 flail
rCold   . . .      Faith    .    c - +0 buckler
rNeg    + . .      Spirit   .    b - +0 scale mail
rPois   ∞          Reflect  .    (no helmet)
rElec   +          Harm     .    (no cloak)
rCorr   .          Rampage  .    g - +0 pair of gloves
Will    .....                    (no boots)
Stlth   ..........               (no amulet)
HPRegen 0.07/turn                (no ring)
MPRegen 0.08/turn                (no ring)

@: mighty
A: sickness immunity, AC +3, negative energy resistance 1, electricity
resistance, torment resistance 1, petrification resistance
a: no special abilities


You were on level 2 of the Dungeon.
You visited 1 branch of the dungeon, and saw 2 of its levels.

You collected 48 gold pieces.

Inventory:

Hand Weapons
 a - a +0 flail (weapon)
Armour
 b - a +0 scale mail (worn)
 c - a +0 buckler (worn)
 g - a +0 pair of gloves (worn)
Scrolls
 e - a scroll of magic mapping {unknown}
 f - a scroll of poison {unknown}
Potions
 h - a potion of curing {unknown}
 i - a potion of mutation {unknown}
 j - 2 potions of magic {unknown}


   Skills:
 - Level 3.2 Fighting
 + Level 2.8 Maces & Flails
 + Level 4.0 Armour
 + Level 4.0 Shields


You had 2 spell levels left.
You didn't know any spells.
Your spell library was empty.

Dungeon Overview and Level Annotations

Branches:
Dungeon (2/15)

Altars:

Shops:
D:1 =


Innate Abilities, Weirdness & Mutations

You are immune to sickness and miasma.
Your stone body is resilient. (AC +3)
You are immune to poison.
You resist negative energy. (rN+)
You are resistant to electric shocks. (rElec)
You are resistant to unholy torment.
You are immune to petrification.


Message History

You thump the gnoll!
You kill the gnoll!
Things that are here:
a +3 spear; a gnoll corpse 2 gnolls come into view.
The gnoll shouts!
A gnoll comes into view. It is wielding a +0 halberd.
Okay, then.
You feel very mighty all of a sudden. The gnoll hits you but does no damage.
The gnoll barely misses you. The gnoll hits you but does no damage.
You barely miss the gnoll. The gnoll hits you with a +0 halberd.
* * * LOW HITPOINT WARNING * * *
The gnoll barely misses you.
You closely miss the gnoll. You block the gnoll's attack.
The gnoll hits you but does no damage.
You barely miss the gnoll. You block the gnoll's attack.
The gnoll hits you with a +0 spear.
* * * LOW HITPOINT WARNING * * *
The gnoll hits you but does no damage. You block the gnoll's attack.
You sock the gnoll!
The gnoll is almost dead.
The gnoll closely misses you. The gnoll hits you but does no damage.
You sock the gnoll!
You kill the gnoll!
The gnoll barely misses you.
Your Armour skill increases to level 4!
Your Shields skill increases to level 4!
The gnoll barely misses you.
Things that are here:
a +0 spear; a gnoll corpse
Things that are here:
a +3 spear; a gnoll corpse
Things that are here:
a bat corpse; an adder corpse A goblin comes into view.
It is wielding a +2 dagger of freezing.
The goblin shouts!
You hear a bark!
A jackal comes into view. x2
The gnoll hits you with a +0 halberd!
You die...

#...... . #...... h.
..... .. ###..... #.
#... #.####### ##.
###.# #.>.....#
..#...##...####.......#
..h.....@g..†)....)...#
.....g.......##.#######
.......########.#
........#.....#.#
......#.........#
......#......<..#
......#.........#
......#......†..#
#.........#


You could see a gnoll, a jackal and a goblin.

Vanquished Creatures
  2 gnolls (D:2)
  An adder (D:2)
  A dart slug (D:1)
  2 endoplasms (D:1)
  A giant cockroach (D:1)
  A goblin (D:1)
  3 hobgoblins
  A quokka (D:1)
  A ball python (D:1)
  3 bats
  5 frilled lizards (D:1)
  3 kobolds (D:1)
  A rat (D:1)
25 creatures vanquished.

Notes
Turn   | Place    | Note
-------+----------+-------------------------------------------
     0 | D:1      | purpskrrrp the Gargoyle Fighter began the quest for the
                  | Orb.
     0 | D:1      | Reached XP level 1. HP: 14/14 MP: 1/1
   379 | D:1      | Reached XP level 2. HP: 19/19 MP: 2/2
  1003 | D:1      | Found Assoon's One-of-a-Kind Rings.
  1081 | D:2      | Reached XP level 3. HP: 21/23 MP: 3/3
  1121 | D:2      | Mangled by a gnoll

Illustrated notes

Levels and vault maps discovered:
D:1:      dpeg_arrival_tiny_c, layout_basic, serial_bayou_ford_a,
          serial_park_tiny_2, nicolae_shop_unique_rings
D:2:      layout_rooms, dilly_ecumenical_altar_fadedgnrine, uniq_robin

Skill      XL: |  1  2  3 |
---------------+----------+-----
Armour         | 4 |  4.0
Shields        | 4 |  4.0
Fighting       | |  3.2
Maces & Flails | |  2.8

Action                   || total
-------------------------++-------
Melee: Flail             ||   102
  Use: Potion            ||     1
Armor: Scale mail        ||    82
Dodge: Dodged            ||    47
Block: Buckler           ||    27

Table legend: (Time is in decaauts)
 A = Elapsed time spent in this place.
 B = Non-inter-level travel time spent in this place.
 C = Inter-level travel time spent in this place.
 D = Time resting spent in this place.
 E = Time spent auto-exploring this place.
 F = Levels seen in this place.
 G = Mean time per level.
                   A        B        C        D        E       F      G
               +--------+--------+--------+--------+--------+-----+--------+
         Total |   1161 |   1121 |     40 |    178 |    675 |   2 |  580.5 |
       Dungeon |   1161 |   1121 |     40 |    178 |    675 |   2 |  580.5 |
               +--------+--------+--------+--------+--------+-----+--------+

Top non-repeatable levels by time:
     D:1: 1094 daAuts
     D:2: 67 daAuts
